Sabres vs Flames
Created - May 3, 2019 at 21:51
Goals
|
Sabres |
2 |
0 |
2 |
4 |
Flames |
1 |
2 |
2 |
5 |
|
Shots
|
Sabres |
12 |
14 |
7 |
33 |
Flames |
15 |
13 |
14 |
42 |
|
1st period
1. Flames , Jordin Tootoo 16 (Patrik Berglund 31, Eric Staal 66) at 5:52 (PP)
2. Sabres , Matt Martin 11 (Brandon Sutter 16, Zach Bogosian 37) at 7:20 (SH)
3. Sabres , Ilya Kovalchuk 26 (Sean Monahan 15) at 14:07 (PP)
Penalties :
Brandon Sutter (Buf) for Hooking (Minor) at 4:55, Mathew Dumba (Buf) for Diving (Minor) at 7:07, Brad Marchand (Cal) for Slashing (Minor) at 14:00, Evander Kane (Buf) for Holding (Minor) at 18:27
2nd period
4. Flames , Alexander Semin 29 (Erik Johnson 48, Eric Staal 67) at 6:25
5. Flames , Colin Wilson 16 (Tom Poti 25, Erik Johnson 49) at 15:31 (PP)
Penalties :
Mikhail Grabovski (Cal) for Charging (Minor) at 9:40, Brad Richardson (Buf) for Abuse of Officials (Major / Game Misconduct) at 12:27
3rd period
6. Flames , Eric Staal 48 (David Backes 61, Alexander Semin 35) at 3:48
7. Sabres , Matt Martin 12 (Zach Bogosian 38, Evander Kane 52) at 6:31
8. Sabres , Zack Kassian 32 (Evander Kane 53, Jared Cowen 21) at 7:04
9. Flames , Eric Staal 49 (David Backes 62, Derek Meech 21) at 7:24
Penalties :
Zach Bogosian (Buf) for Slashing (Minor) at 13:19, Ilya Kovalchuk (Buf) for Boarding (Minor) at 18:36
Goalie Stats
Jonas Hiller (Buf), 37 saves from 42 shots - (0.881), L, 6-5-3, 60:00 minutes
Jonas Gustavsson (Cal), 29 saves from 33 shots - (0.879), W, 19-11-2, 60:00 minutes
Players Stats for Sabres
Player Name G A P +/- PIM S H SB GA TA FO MP PP MP PK MP
------------------------------------------------------------------------------------
Andrei Loktionov 0 0 0 -3 0 1 0 0 0 0 14/26 20:06 0:54 1:23
Brad Richardson 0 0 0 0 15 0 0 0 0 0 0/0 5:09 0:00 0:00
Brandon Sutter 0 1 1 2 2 1 0 1 0 0 7/13 15:46 0:00 6:51
Darcy Hordichuk 0 0 0 0 0 1 0 0 0 0 0/0 6:02 0:00 0:00
Darren Reid 0 0 0 0 0 1 1 0 0 0 0/0 11:23 0:00 5:02
Evander Kane 0 2 2 1 2 2 1 0 0 0 0/2 14:21 0:54 1:07
Ilya Kovalchuk 1 0 1 -3 2 8 1 1 0 0 0/0 18:04 1:12 0:00
Jared Cowen 0 1 1 1 0 0 0 3 0 0 0/0 23:47 0:44 5:47
Mathew Dumba 0 0 0 -1 2 0 0 2 0 0 0/0 23:37 1:10 4:56
Matt Martin 2 0 2 2 0 4 2 0 0 0 0/0 16:27 0:00 7:07
Michael Frolik 0 0 0 -3 0 2 1 1 0 0 2/4 17:46 0:54 0:00
Michael Kostka 0 0 0 0 0 3 4 0 1 0 0/0 25:40 0:44 7:29
Randy Jones 0 0 0 0 0 0 1 0 0 0 0/0 10:27 0:12 0:00
Rob Scuderi 0 0 0 1 0 0 0 0 1 0 0/0 11:44 0:00 2:05
Sean Monahan 0 1 1 1 0 1 0 0 1 0 4/9 13:22 1:12 0:00
Vincent Lecavalier 0 0 0 1 0 5 1 0 0 0 4/8 14:39 0:00 5:02
Zach Bogosian 0 2 2 -1 2 1 3 2 0 2 0/0 25:20 1:22 6:15
Zack Kassian 1 0 1 1 0 3 1 1 0 0 1/1 12:58 1:12 0:00
Players Stats for Flames
Player Name G A P +/- PIM S H SB GA TA FO MP PP MP PK MP
------------------------------------------------------------------------------------
Alexander Semin 1 1 2 2 0 6 1 1 0 0 0/1 23:27 7:33 0:12
Brad Marchand 0 0 0 -1 2 3 2 0 0 1 1/1 14:57 0:45 1:04
Brendan Mikkelson 0 0 0 -1 0 0 1 1 0 0 0/0 10:58 0:35 0:00
Colin Wilson 1 0 1 0 0 2 1 0 0 1 1/5 9:32 0:45 0:16
David Backes 0 2 2 2 0 6 1 0 1 0 1/1 22:49 7:33 0:00
David Ullstrom 0 0 0 -1 0 2 0 0 0 0 0/1 7:34 0:00 0:43
Derek Meech 0 1 1 1 0 1 4 1 0 0 0/0 22:34 5:07 1:17
Eric Staal 2 2 4 2 0 6 5 0 0 0 18/36 24:00 7:33 0:56
Erik Johnson 0 2 2 0 0 1 0 2 0 0 0/0 26:28 7:34 0:49
Jonathan Ferland 0 0 0 -1 0 0 1 0 0 0 0/0 8:56 0:45 0:54
Jordin Tootoo 1 0 1 0 0 4 0 0 0 1 0/0 13:54 4:58 0:00
Mikhail Grabovski 0 0 0 -1 2 1 0 2 0 0 1/2 7:23 0:00 0:07
Patrik Berglund 0 1 1 -1 0 3 0 0 1 0 9/15 18:17 4:58 0:00
Peter Prucha 0 0 0 -1 0 4 2 0 0 0 0/1 13:09 0:00 0:00
Sami Vatanen 0 0 0 -1 0 0 0 2 0 0 0/0 16:05 5:42 0:00
Steve Eminger 0 0 0 1 0 0 0 1 0 0 0/0 17:27 0:00 1:17
Steve Regier 0 0 0 0 0 1 1 0 0 0 0/0 13:54 4:58 0:00
Tom Poti 0 1 1 0 0 2 0 1 0 0 0/0 26:28 7:34 0:49
3 Stars
1 - Eric Staal (Cal)
2 - Matt Martin (Buf)
3 - Alexander Semin (Cal)
Power Play
Sabres - 1 on 2 Attempt(s) - 50.00%
Flames - 2 on 7 Attempt(s) - 28.57%
Penalty Kill
Sabres - 5 on 7 Attempt(s) - 71.43%
- Score 1 goal in Penalty Kill
Flames - 1 on 2 Attempt(s) - 50.00%
- Score 0 goal in Penalty Kill
Team Stat
Sabres - Hits : 16 - Faceoff Wins : 32 - Blocked Shots : 11 - Penalty Minutes : 25
Flames - Hits : 19 - Faceoff Wins : 31 - Blocked Shots : 11 - Penalty Minutes : 4
Official
Referees : Unknown
Linesman : Unknown
Game Notes
Brad Richardson ejected from game at 12:27 of 2nd period
Brad Richardson from Sabres is suspended for 3 game(s)
Finance
Level 1 -- Attendance: 5300 (88.33%) -- Ticket Income $482,300
Level 2 -- Attendance: 3748 (74.96%) -- Ticket Income $213,636
Level 3 -- Attendance: 2000 (100.00%) -- Ticket Income $74,000
Level 4 -- Attendance: 3219 (80.48%) -- Ticket Income $86,913
Luxury Box -- Attendance: 982 (98.20%) -- Ticket Income $159,084
Game was played at the Metal Center.
Total Attendance: 15249 (84.72%)
Total Ticket Income: $1,015,933
Other Income: $152,390
Total Income: $1,168,323
Sabres
5 vs 5 Forward
Center Left Wing Right Wing Time % Phy DF OF
1 Andrei Loktionov Ilya Kovalchuk Michael Frolik 40 0 1 4
2 Sean Monahan Evander Kane Zack Kassian 30 0 1 4
3 Vincent Lecavalier Matt Martin Brad Richardson 19 1 2 2
4 Brandon Sutter Darcy Hordichuk Darren Reid 11 1 3 1
5 vs 5 Defense
Defense Defense Time % Phy DF OF
1 Michael Kostka Jared Cowen 36 1 3 1
2 Mathew Dumba Zach Bogosian 32 1 2 2
3 Rob Scuderi Randy Jones 22 2 3 0
4 Mathew Dumba Zach Bogosian 10 1 2 2
PowerPlay Forward
Center Left Wing Right Wing Time % Phy DF OF
1 Sean Monahan Ilya Kovalchuk Zack Kassian 53 0 0 5
2 Andrei Loktionov Evander Kane Michael Frolik 47 1 0 4
PowerPlay Defense
Defense Defense Time % Phy DF OF
1 Zach Bogosian Michael Kostka 53 0 1 4
2 Jared Cowen Mathew Dumba 47 1 1 3
Penalty Kill 4 Players Forward
Center Wing Time % Phy DF OF
1 Brandon Sutter Matt Martin 55 1 4 0
2 Vincent Lecavalier Darren Reid 45 1 4 0
Penalty Kill 4 Players Defense
Defense Defense Time % Phy DF OF
1 Michael Kostka Zach Bogosian 55 1 4 0
2 Mathew Dumba Jared Cowen 45 1 4 0
Penalty Kill - 3 Players Forward
Forward Time % Phy DF OF
1 Brandon Sutter 60 0 5 0
2 Darcy Hordichuk 40 0 5 0
Penalty Kill - 3 Players Defense
Defense Defense Time % Phy DF OF
1 Rob Scuderi Jared Cowen 60 1 4 0
2 Mathew Dumba Zach Bogosian 40 1 4 0
4 vs 4 Forward
Center Wing Time % Phy DF OF
1 Vincent Lecavalier Evander Kane 50 0 2 3
2 Andrei Loktionov Michael Frolik 50 0 1 4
4 vs 4 Defense
Defense Defense Time % Phy DF OF
1 Michael Kostka Randy Jones 50 0 4 1
2 Mathew Dumba Jared Cowen 50 0 4 1
Last Minutes Offensive
Center Left Wing Right Wing Defense Defense
Andrei Loktionov Evander Kane Michael Frolik Zach Bogosian Jared Cowen
Last Minutes Defensive
Center Left Wing Right Wing Defense Defense
Brandon Sutter Evander Kane Michael Frolik Zach Bogosian Jared Cowen
Goaltenders
Starting : Jonas Hiller
Backup : Robin Lehner
Extra Forwards
Normal : Brandon Sutter, Andrei Loktionov, Sean Monahan - PP : Ilya Kovalchuk, Sean Monahan - PK : Brandon Sutter
Extra Defensemen
Normal : Zach Bogosian, Randy Jones, Mathew Dumba - PP : Zach Bogosian - PK : Rob Scuderi, Randy Jones
Penalty Shots
Evander Kane, Michael Frolik, Vincent Lecavalier, Sean Monahan, Zack Kassian
Scratches
Jakub Kindl (Healthy), Josef Vasicek (Healthy), Scottie Upshall (Healthy), Sergei Samsonov (Healthy)
Flames
5 vs 5 Forward
Center Left Wing Right Wing Time % Phy DF OF
1 Eric Staal Alexander Semin David Backes 40 1 2 2
2 Patrik Berglund Brad Marchand Peter Prucha 33 1 2 2
3 Colin Wilson Steve Regier Jordin Tootoo 19 1 2 2
4 Mikhail Grabovski David Ullstrom Jonathan Ferland 8 1 2 2
5 vs 5 Defense
Defense Defense Time % Phy DF OF
1 Erik Johnson Tom Poti 38 1 2 2
2 Derek Meech Steve Eminger 29 1 2 2
3 Brendan Mikkelson Sami Vatanen 23 1 2 2
4 Derek Meech Steve Eminger 10 1 2 2
PowerPlay Forward
Center Left Wing Right Wing Time % Phy DF OF
1 Eric Staal Alexander Semin David Backes 60 1 0 4
2 Patrik Berglund Steve Regier Jordin Tootoo 40 1 0 4
PowerPlay Defense
Defense Defense Time % Phy DF OF
1 Erik Johnson Tom Poti 60 1 1 3
2 Derek Meech Sami Vatanen 40 1 1 3
Penalty Kill 4 Players Forward
Center Wing Time % Phy DF OF
1 Mikhail Grabovski Brad Marchand 50 1 4 0
2 Eric Staal David Ullstrom 50 1 4 0
Penalty Kill 4 Players Defense
Defense Defense Time % Phy DF OF
1 Derek Meech Steve Eminger 58 1 4 0
2 Erik Johnson Tom Poti 42 1 4 0
Penalty Kill - 3 Players Forward
Forward Time % Phy DF OF
1 Eric Staal 50 1 4 0
2 David Backes 50 1 4 0
Penalty Kill - 3 Players Defense
Defense Defense Time % Phy DF OF
1 Derek Meech Steve Eminger 58 1 4 0
2 Erik Johnson Tom Poti 42 1 4 0
4 vs 4 Forward
Center Wing Time % Phy DF OF
1 Eric Staal David Backes 60 1 2 2
2 Patrik Berglund Alexander Semin 40 1 2 2
4 vs 4 Defense
Defense Defense Time % Phy DF OF
1 Erik Johnson Tom Poti 60 1 2 2
2 Derek Meech Steve Eminger 40 1 2 2
Last Minutes Offensive
Center Left Wing Right Wing Defense Defense
Eric Staal Alexander Semin David Backes Erik Johnson Tom Poti
Last Minutes Defensive
Center Left Wing Right Wing Defense Defense
Eric Staal Alexander Semin David Backes Derek Meech Steve Eminger
Goaltenders
Starting : Jonas Gustavsson
Backup : Pekka Rinne
Extra Forwards
Normal : Brad Marchand, Peter Prucha, Patrik Berglund - PP : Brad Marchand, Colin Wilson - PK : Jonathan Ferland
Extra Defensemen
Normal : Derek Meech, Steve Eminger, Sami Vatanen - PP : Sami Vatanen - PK : Erik Johnson, Brendan Mikkelson
Penalty Shots
Eric Staal, Alexander Semin, David Backes, Brad Marchand, Patrik Berglund
Scratches
None
% Time on Ice - Sabres
Lines # - Real PCT - Wanted PCT - Time Play
Normal Forward
1 - 39% - 40% - 17:29
2 - 27% - 30% - 12:01
3 - 21% - 19% - 9:20
4 - 13% - 11% - 5:48
Normal Defense
1 - 39% - 36% - 17:31
2 - 32% - 32% - 14:29
3 - 23% - 22% - 10:05
4 - 6% - 10% - 2:33
PP Forward
1 - 57% - 53% - 1:12
2 - 43% - 47% - 0:54
PP Defense
1 - 65% - 53% - 1:22
2 - 35% - 47% - 0:44
PK Forward
1 - 62% - 55% - 8:14
2 - 38% - 45% - 5:02
PK Defense
1 - 56% - 55% - 7:29
2 - 44% - 45% - 5:47
PK3 Forward
1 - 0% - 60%
2 - 0% - 40%
PK3 Defense
1 - 0% - 60%
2 - 0% - 40%
44 Forward
1 - 0% - 50%
2 - 0% - 50%
44 Defense
1 - 0% - 50%
2 - 0% - 50%
Last Minute Offensive - 0:00
Last Minute Defensive - 0:00
Total
Forward - 60:00
Defense - 60:00
|
% Time on Ice - Flames
Lines # - Real PCT - Wanted PCT - Time Play
Normal Forward
1 - 35% - 40% - 15:42
2 - 30% - 33% - 13:34
3 - 19% - 19% - 8:31
4 - 15% - 8% - 6:51
Normal Defense
1 - 42% - 38% - 18:50
2 - 30% - 29% - 13:29
3 - 23% - 23% - 10:23
4 - 4% - 10% - 1:56
PP Forward
1 - 63% - 60% - 8:18
2 - 37% - 40% - 4:58
PP Defense
1 - 57% - 60% - 7:34
2 - 43% - 40% - 5:42
PK Forward
1 - 66% - 50% - 1:23
2 - 34% - 50% - 0:43
PK Defense
1 - 61% - 58% - 1:17
2 - 39% - 42% - 0:49
PK3 Forward
1 - 0% - 50%
2 - 0% - 50%
PK3 Defense
1 - 0% - 58%
2 - 0% - 42%
44 Forward
1 - 0% - 60%
2 - 0% - 40%
44 Defense
1 - 0% - 60%
2 - 0% - 40%
Last Minute Offensive - 0:00
Last Minute Defensive - 0:00
Total
Forward - 60:00
Defense - 60:00
|
Play-by-Play
1st period
0:01 of 1st period - Eric Staal wins face-off versus Andrei Loktionov in neutral zone.
0:04 of 1st period - Snap shot by Alexander Semin.
0:04 of 1st period - Shot Misses the Net.
0:45 of 1st period - Snap shot by Alexander Semin.
0:45 of 1st period - Stopped by Jonas Hiller without a rebound.
0:46 of 1st period - Patrik Berglund wins face-off versus Evander Kane in Sabres zone.
1:13 of 1st period - Darren Reid is hit by Steve Regier and loses puck.
1:25 of 1st period - Icing by Steve Regier.
1:26 of 1st period - Andrei Loktionov wins face-off versus Colin Wilson in Flames zone.
1:37 of 1st period - Wrist shot by Michael Frolik.
1:37 of 1st period - Deflect By Ilya Kovalchuk.
1:37 of 1st period - Shot Misses the Net.
1:37 of 1st period - Puck is out of play.
1:38 of 1st period - Sean Monahan wins face-off versus Patrik Berglund in Flames zone.
1:49 of 1st period - Slapshot by Patrik Berglund.
1:49 of 1st period - Stopped by Jonas Hiller with a rebound.
1:51 of 1st period - Snap shot by Patrik Berglund.
1:51 of 1st period - Shot Blocked by Zach Bogosian.
1:53 of 1st period - Slapshot by Brendan Mikkelson.
1:53 of 1st period - Shot Misses the Net.
2:03 of 1st period - Evander Kane is hit by Eric Staal and loses puck.
2:27 of 1st period - Snap shot by Andrei Loktionov.
2:27 of 1st period - Shot Misses the Net.
2:29 of 1st period - Wrist shot by Michael Frolik.
2:29 of 1st period - Shot Misses the Net.
2:31 of 1st period - Snap shot by Ilya Kovalchuk.
2:31 of 1st period - Stopped by Jonas Gustavsson without a rebound.
2:32 of 1st period - Andrei Loktionov wins face-off versus Patrik Berglund in Flames zone.
2:35 of 1st period - Wrist shot by Ilya Kovalchuk.
2:35 of 1st period - Stopped by Jonas Gustavsson with a rebound.
2:37 of 1st period - Snap shot by Ilya Kovalchuk.
2:37 of 1st period - Stopped by Jonas Gustavsson with a rebound.
3:07 of 1st period - Wrist shot by Ilya Kovalchuk.
3:07 of 1st period - Shot Blocked by Tom Poti.
3:09 of 1st period - Slapshot by Michael Kostka.
3:09 of 1st period - Shot Blocked by Erik Johnson.
3:11 of 1st period - Snap shot by Ilya Kovalchuk.
3:11 of 1st period - Stopped by Jonas Gustavsson without a rebound.
3:12 of 1st period - Eric Staal wins face-off versus Vincent Lecavalier in Flames zone.
3:25 of 1st period - Snap shot by Eric Staal.
3:25 of 1st period - Stopped by Jonas Hiller without a rebound.
3:26 of 1st period - Brandon Sutter wins face-off versus Colin Wilson in Sabres zone.
3:41 of 1st period - Snap shot by Brandon Sutter.
3:41 of 1st period - Shot Blocked by Derek Meech.
4:55 of 1st period - Minor Penalty to Brandon Sutter for Hooking.
4:56 of 1st period - Andrei Loktionov wins face-off versus Eric Staal in Sabres zone.
5:52 of 1st period - Wrist shot by Jordin Tootoo.
5:52 of 1st period - Goal by Jordin Tootoo - Sabres : 0 - Flames : 1.
5:53 of 1st period - Patrik Berglund wins face-off versus Andrei Loktionov in neutral zone.
6:00 of 1st period - Snap shot by Brad Marchand.
6:00 of 1st period - Deflect By Patrik Berglund.
6:00 of 1st period - Stopped by Jonas Hiller without a rebound.
6:01 of 1st period - Patrik Berglund wins face-off versus Andrei Loktionov in Sabres zone.
6:02 of 1st period - Snap shot by Peter Prucha.
6:02 of 1st period - Stopped by Jonas Hiller without a rebound.
6:03 of 1st period - Patrik Berglund wins face-off versus Andrei Loktionov in Sabres zone.
6:44 of 1st period - Wrist shot by Peter Prucha.
6:44 of 1st period - Stopped by Jonas Hiller with a rebound.
7:07 of 1st period - Minor Penalty to Mathew Dumba for Diving.
7:08 of 1st period - Brandon Sutter wins face-off versus Eric Staal in Sabres zone.
7:20 of 1st period - Snap shot by Matt Martin.
7:20 of 1st period - Goal by Matt Martin - Sabres : 1 - Flames : 1.
7:21 of 1st period - Eric Staal wins face-off versus Brandon Sutter in neutral zone.
8:22 of 1st period - Jared Cowen is hit by Derek Meech and loses puck.
9:07 of 1st period - Penalty to Mathew Dumba is over, Mathew Dumba is back on ice.
9:34 of 1st period - Slapshot by Evander Kane.
9:34 of 1st period - Stopped by Jonas Gustavsson with a rebound.
9:56 of 1st period - Snap shot by Zack Kassian.
9:56 of 1st period - Stopped by Jonas Gustavsson without a rebound.
9:57 of 1st period - Vincent Lecavalier wins face-off versus Eric Staal in Flames zone.
10:22 of 1st period - David Ullstrom is hit by Darren Reid and loses puck.
10:48 of 1st period - Randy Jones is hit by Peter Prucha and loses puck.
11:07 of 1st period - Wrist shot by Sean Monahan.
11:07 of 1st period - Shot Misses the Net.
11:31 of 1st period - Steve Regier is hit by Michael Frolik and loses puck.
11:50 of 1st period - Backhand shot by Erik Johnson.
11:50 of 1st period - Shot Blocked by Zach Bogosian.
12:50 of 1st period - Brendan Mikkelson is hit by Matt Martin and loses puck.
13:09 of 1st period - Darcy Hordichuk is hit by Jonathan Ferland and loses puck.
13:32 of 1st period - Jared Cowen is hit by Derek Meech and loses puck.
13:37 of 1st period - Snap shot by Eric Staal.
13:37 of 1st period - Stopped by Jonas Hiller with a rebound.
13:39 of 1st period - Wrist shot by Alexander Semin.
13:39 of 1st period - Stopped by Jonas Hiller with a rebound.
14:00 of 1st period - Minor Penalty to Brad Marchand for Slashing.
14:01 of 1st period - Sean Monahan wins face-off versus Mikhail Grabovski in Flames zone.
14:03 of 1st period - Snap shot by Ilya Kovalchuk.
14:03 of 1st period - Shot Hit the Post.
14:05 of 1st period - Slapshot by Ilya Kovalchuk.
14:05 of 1st period - Stopped by Jonas Gustavsson with a rebound.
14:07 of 1st period - Snap shot by Ilya Kovalchuk.
14:07 of 1st period - Goal by Ilya Kovalchuk - Sabres : 2 - Flames : 1.
14:08 of 1st period - Eric Staal wins face-off versus Sean Monahan in neutral zone.
14:22 of 1st period - Snap shot by David Backes.
14:22 of 1st period - Stopped by Jonas Hiller with a rebound.
14:44 of 1st period - Slapshot by Jordin Tootoo.
14:44 of 1st period - Stopped by Jonas Hiller without a rebound.
14:45 of 1st period - Eric Staal wins face-off versus Sean Monahan in Sabres zone.
14:52 of 1st period - Wrist shot by Sean Monahan.
14:52 of 1st period - Shot Blocked by Alexander Semin.
14:54 of 1st period - Wrist shot by Zack Kassian.
14:54 of 1st period - Shot Misses the Net.
14:56 of 1st period - Snap shot by Sean Monahan.
14:56 of 1st period - Stopped by Jonas Gustavsson with a rebound.
15:31 of 1st period - Wrist shot by Brandon Sutter.
15:31 of 1st period - Stopped by Jonas Gustavsson without a rebound.
15:32 of 1st period - Colin Wilson wins face-off versus Brandon Sutter in Flames zone.
15:59 of 1st period - Slapshot by Ilya Kovalchuk.
15:59 of 1st period - Stopped by Jonas Gustavsson without a rebound.
16:00 of 1st period - Eric Staal wins face-off versus Andrei Loktionov in Flames zone.
16:00 of 1st period - Eric Staal is hit by Ilya Kovalchuk.
16:13 of 1st period - Snap shot by David Backes.
16:13 of 1st period - Shot Misses the Net.
16:15 of 1st period - Slapshot by Derek Meech.
16:15 of 1st period - Stopped by Jonas Hiller with a rebound.
16:17 of 1st period - Wrist shot by Alexander Semin.
16:17 of 1st period - Deflect By Eric Staal.
16:17 of 1st period - Shot Misses the Net.
16:17 of 1st period - Puck is out of play.
16:18 of 1st period - Patrik Berglund wins face-off versus Evander Kane in Sabres zone.
16:19 of 1st period - Snap shot by Peter Prucha.
16:19 of 1st period - Stopped by Jonas Hiller with a rebound.
16:27 of 1st period - Zack Kassian is hit by Brad Marchand and loses puck.
17:08 of 1st period - Jordin Tootoo is hit by Vincent Lecavalier and loses puck.
17:35 of 1st period - Snap shot by Mikhail Grabovski.
17:35 of 1st period - Shot Misses the Net.
18:27 of 1st period - Minor Penalty to Evander Kane for Holding.
18:28 of 1st period - Brandon Sutter wins face-off versus Eric Staal in Sabres zone.
18:45 of 1st period - Slapshot by David Backes.
18:45 of 1st period - Shot Blocked by Brandon Sutter.
19:01 of 1st period - Wrist shot by Jordin Tootoo.
19:01 of 1st period - Stopped by Jonas Hiller without a rebound.
19:02 of 1st period - Vincent Lecavalier wins face-off versus Eric Staal in Sabres zone.
19:37 of 1st period - Snap shot by Alexander Semin.
19:37 of 1st period - Shot Blocked by Jared Cowen.
19:39 of 1st period - Snap shot by Alexander Semin.
19:39 of 1st period - Shot Misses the Net.
19:41 of 1st period - Snap shot by Alexander Semin.
19:41 of 1st period - Shot Misses the Net.
19:43 of 1st period - Snap shot by David Backes.
19:43 of 1st period - Shot Blocked by Mathew Dumba.
19:45 of 1st period - Slapshot by Derek Meech.
19:45 of 1st period - Deflect By Eric Staal.
19:45 of 1st period - Shot Misses the Net.
19:45 of 1st period - Puck is out of play.
19:46 of 1st period - Patrik Berglund wins face-off versus Vincent Lecavalier in Sabres zone.
19:53 of 1st period - Snap shot by Steve Regier.
19:53 of 1st period - Stopped by Jonas Hiller with a rebound.
Goals for this period are 2 for Sabres vs 1 for Flames.
Shots for this period are 12 for Sabres vs 15 for Flames.
2nd period
0:01 of 2nd period - Brandon Sutter wins face-off versus Eric Staal in neutral zone.
0:26 of 2nd period - Tom Poti is hit by Michael Kostka and loses puck.
0:27 of 2nd period - Penalty to Evander Kane is over, Evander Kane is back on ice.
0:35 of 2nd period - Derek Meech is hit by Michael Kostka.
1:55 of 2nd period - Snap shot by Peter Prucha.
1:55 of 2nd period - Stopped by Jonas Hiller without a rebound.
1:56 of 2nd period - Patrik Berglund wins face-off versus Vincent Lecavalier in Sabres zone.
2:17 of 2nd period - Snap shot by Brad Marchand.
2:17 of 2nd period - Stopped by Jonas Hiller with a rebound.
2:19 of 2nd period - Slapshot by Tom Poti.
2:19 of 2nd period - Stopped by Jonas Hiller with a rebound.
2:21 of 2nd period - Slapshot by Erik Johnson.
2:21 of 2nd period - Deflect By Brad Marchand.
2:21 of 2nd period - Stopped by Jonas Hiller with a rebound.
2:23 of 2nd period - Slapshot by Tom Poti.
2:23 of 2nd period - Stopped by Jonas Hiller with a rebound.
2:25 of 2nd period - Wrist shot by Erik Johnson.
2:25 of 2nd period - Shot Misses the Net.
2:27 of 2nd period - Slapshot by Patrik Berglund.
2:27 of 2nd period - Shot Misses the Net.
2:41 of 2nd period - Wrist shot by Brad Marchand.
2:41 of 2nd period - Stopped by Jonas Hiller with a rebound.
3:03 of 2nd period - Brad Richardson is hit by Brad Marchand and loses puck.
3:36 of 2nd period - Wrist shot by Patrik Berglund.
3:36 of 2nd period - Stopped by Jonas Hiller without a rebound.
3:37 of 2nd period - Eric Staal wins face-off versus Andrei Loktionov in Sabres zone.
4:04 of 2nd period - Michael Kostka is hit by Colin Wilson and loses puck.
4:33 of 2nd period - Jonathan Ferland is hit by Zach Bogosian and loses puck.
5:09 of 2nd period - Zack Kassian is hit by Eric Staal and loses puck.
5:25 of 2nd period - Wrist shot by Evander Kane.
5:25 of 2nd period - Shot Blocked by Sami Vatanen.
5:27 of 2nd period - Wrist shot by Zack Kassian.
5:27 of 2nd period - Shot Blocked by Brendan Mikkelson.
5:29 of 2nd period - Snap shot by Michael Kostka.
5:29 of 2nd period - Stopped by Jonas Gustavsson without a rebound.
5:30 of 2nd period - Michael Frolik wins face-off versus Eric Staal in Flames zone.
5:33 of 2nd period - Slapshot by Ilya Kovalchuk.
5:33 of 2nd period - Shot Blocked by Erik Johnson.
5:35 of 2nd period - Slapshot by Michael Kostka.
5:35 of 2nd period - Stopped by Jonas Gustavsson with a rebound.
5:37 of 2nd period - Wrist shot by Michael Frolik.
5:37 of 2nd period - Deflect By Ilya Kovalchuk.
5:37 of 2nd period - Stopped by Jonas Gustavsson without a rebound.
5:38 of 2nd period - Andrei Loktionov wins face-off versus Alexander Semin in Flames zone.
5:51 of 2nd period - Michael Frolik is hit by Eric Staal and loses puck.
6:04 of 2nd period - Andrei Loktionov is hit by Alexander Semin and loses puck.
6:17 of 2nd period - Wrist shot by David Backes.
6:17 of 2nd period - Shot Blocked by Michael Frolik.
6:19 of 2nd period - Snap shot by Eric Staal.
6:19 of 2nd period - Shot Misses the Net.
6:21 of 2nd period - Snap shot by Alexander Semin.
6:21 of 2nd period - Stopped by Jonas Hiller with a rebound.
6:23 of 2nd period - Slapshot by Erik Johnson.
6:23 of 2nd period - Shot Blocked by Ilya Kovalchuk.
6:25 of 2nd period - Snap shot by Alexander Semin.
6:25 of 2nd period - Goal by Alexander Semin - Sabres : 2 - Flames : 2.
6:26 of 2nd period - Patrik Berglund wins face-off versus Sean Monahan in neutral zone.
6:37 of 2nd period - Slapshot by Zach Bogosian.
6:37 of 2nd period - Stopped by Jonas Gustavsson without a rebound.
6:38 of 2nd period - Eric Staal wins face-off versus Michael Frolik in Flames zone.
6:53 of 2nd period - Zach Bogosian is hit by Eric Staal.
7:47 of 2nd period - Slapshot by Zach Bogosian.
7:47 of 2nd period - Shot Blocked by Sami Vatanen.
7:49 of 2nd period - Snap shot by Darren Reid.
7:49 of 2nd period - Shot Blocked by Mikhail Grabovski.
8:07 of 2nd period - Snap shot by David Backes.
8:07 of 2nd period - Stopped by Jonas Hiller with a rebound.
8:17 of 2nd period - Snap shot by Andrei Loktionov.
8:17 of 2nd period - Stopped by Jonas Gustavsson without a rebound.
8:18 of 2nd period - Sean Monahan wins face-off versus Patrik Berglund in Flames zone.
8:19 of 2nd period - Snap shot by Zack Kassian.
8:19 of 2nd period - Stopped by Jonas Gustavsson with a rebound.
8:43 of 2nd period - Alexander Semin is hit by Matt Martin.
9:09 of 2nd period - Snap shot by Matt Martin.
9:09 of 2nd period - Stopped by Jonas Gustavsson with a rebound.
9:40 of 2nd period - Minor Penalty to Mikhail Grabovski for Charging.
9:41 of 2nd period - Eric Staal wins face-off versus Sean Monahan in Flames zone.
11:40 of 2nd period - Penalty to Mikhail Grabovski is over, Mikhail Grabovski is back on ice.
11:55 of 2nd period - Slapshot by Darcy Hordichuk.
11:55 of 2nd period - Stopped by Jonas Gustavsson with a rebound.
11:57 of 2nd period - Snap shot by Darren Reid.
11:57 of 2nd period - Shot Blocked by Mikhail Grabovski.
11:59 of 2nd period - Wrist shot by Darren Reid.
11:59 of 2nd period - Stopped by Jonas Gustavsson with a rebound.
12:27 of 2nd period - Major / Game Misconduct Penalty to Brad Richardson for Abuse of Officials.
12:27 of 2nd period - Brad Richardson is ejected from game.
12:28 of 2nd period - Eric Staal wins face-off versus Brandon Sutter in Sabres zone.
12:33 of 2nd period - Wrist shot by David Backes.
12:33 of 2nd period - Stopped by Jonas Hiller with a rebound.
12:35 of 2nd period - Slapshot by Erik Johnson.
12:35 of 2nd period - Shot Misses the Net.
12:37 of 2nd period - Wrist shot by Alexander Semin.
12:37 of 2nd period - Shot Misses the Net.
13:35 of 2nd period - Matt Martin is hit by Eric Staal and loses puck.
15:27 of 2nd period - Snap shot by Jonathan Ferland.
15:27 of 2nd period - Shot Blocked by Mathew Dumba.
15:29 of 2nd period - Slapshot by Erik Johnson.
15:29 of 2nd period - Shot Blocked by Jared Cowen.
15:31 of 2nd period - Wrist shot by Tom Poti.
15:31 of 2nd period - Deflect By Colin Wilson.
15:31 of 2nd period - Goal by Colin Wilson - Sabres : 2 - Flames : 3.
15:32 of 2nd period - Eric Staal wins face-off versus Brandon Sutter in neutral zone.
15:59 of 2nd period - Snap shot by Vincent Lecavalier.
15:59 of 2nd period - Stopped by Jonas Gustavsson without a rebound.
16:00 of 2nd period - Vincent Lecavalier wins face-off versus Patrik Berglund in Flames zone.
16:03 of 2nd period - Snap shot by Vincent Lecavalier.
16:03 of 2nd period - Stopped by Jonas Gustavsson without a rebound.
16:04 of 2nd period - Brandon Sutter wins face-off versus Patrik Berglund in Flames zone.
17:27 of 2nd period - Penalty to Brad Richardson is over, Zack Kassian is send on ice.
17:40 of 2nd period - Icing by David Ullstrom.
17:41 of 2nd period - Andrei Loktionov wins face-off versus David Ullstrom in Flames zone.
17:48 of 2nd period - Snap shot by Michael Frolik.
17:48 of 2nd period - Stopped by Jonas Gustavsson without a rebound.
17:49 of 2nd period - Eric Staal wins face-off versus Andrei Loktionov in Flames zone.
18:10 of 2nd period - Snap shot by Michael Frolik.
18:10 of 2nd period - Stopped by Jonas Gustavsson without a rebound.
18:11 of 2nd period - Zack Kassian wins face-off versus Patrik Berglund in Flames zone.
18:36 of 2nd period - Mathew Dumba is hit by Derek Meech and loses puck.
18:41 of 2nd period - Snap shot by David Backes.
18:41 of 2nd period - Stopped by Jonas Hiller without a rebound.
18:42 of 2nd period - Andrei Loktionov wins face-off versus Eric Staal in Sabres zone.
18:59 of 2nd period - Snap shot by David Backes.
18:59 of 2nd period - Shot Misses the Net.
19:57 of 2nd period - Backhand shot by Ilya Kovalchuk.
19:57 of 2nd period - Shot Misses the Net.
19:59 of 2nd period - Slapshot by Michael Kostka.
19:59 of 2nd period - Stopped by Jonas Gustavsson with a rebound.
Goals for this period are 0 for Sabres vs 2 for Flames.
Shots for this period are 14 for Sabres vs 13 for Flames.
3rd period
0:01 of 3rd period - Andrei Loktionov wins face-off versus Eric Staal in neutral zone.
0:26 of 3rd period - Derek Meech is hit by Zach Bogosian and loses puck.
1:15 of 3rd period - Snap shot by Jonathan Ferland.
1:15 of 3rd period - Shot Blocked by Jared Cowen.
1:17 of 3rd period - Wrist shot by David Ullstrom.
1:17 of 3rd period - Stopped by Jonas Hiller without a rebound.
1:18 of 3rd period - Andrei Loktionov wins face-off versus Eric Staal in Sabres zone.
1:31 of 3rd period - Wrist shot by Alexander Semin.
1:31 of 3rd period - Stopped by Jonas Hiller without a rebound.
1:32 of 3rd period - Andrei Loktionov wins face-off versus Eric Staal in Sabres zone.
2:31 of 3rd period - Wrist shot by Colin Wilson.
2:31 of 3rd period - Stopped by Jonas Hiller without a rebound.
2:32 of 3rd period - Eric Staal wins face-off versus Andrei Loktionov in Sabres zone.
2:59 of 3rd period - Erik Johnson is hit by Evander Kane and loses puck.
3:20 of 3rd period - Wrist shot by Evander Kane.
3:20 of 3rd period - Stopped by Jonas Gustavsson without a rebound.
3:21 of 3rd period - Brandon Sutter wins face-off versus Colin Wilson in Flames zone.
3:22 of 3rd period - Wrist shot by Vincent Lecavalier.
3:22 of 3rd period - Stopped by Jonas Gustavsson with a rebound.
3:24 of 3rd period - Wrist shot by Brandon Sutter.
3:24 of 3rd period - Shot Misses the Net.
3:26 of 3rd period - Snap shot by Vincent Lecavalier.
3:26 of 3rd period - Shot Misses the Net.
3:28 of 3rd period - Slapshot by Vincent Lecavalier.
3:28 of 3rd period - Stopped by Jonas Gustavsson with a rebound.
3:30 of 3rd period - Backhand shot by Brandon Sutter.
3:30 of 3rd period - Shot Misses the Net.
3:32 of 3rd period - Wrist shot by Vincent Lecavalier.
3:32 of 3rd period - Stopped by Jonas Gustavsson with a rebound.
3:34 of 3rd period - Snap shot by Mathew Dumba.
3:34 of 3rd period - Deflect By Matt Martin.
3:34 of 3rd period - Stopped by Jonas Gustavsson without a rebound.
3:35 of 3rd period - Andrei Loktionov wins face-off versus Eric Staal in Flames zone.
3:48 of 3rd period - Wrist shot by Eric Staal.
3:48 of 3rd period - Goal by Eric Staal - Sabres : 2 - Flames : 4.
3:49 of 3rd period - Eric Staal wins face-off versus Andrei Loktionov in neutral zone.
3:52 of 3rd period - Andrei Loktionov is hit by David Backes and loses puck.
4:33 of 3rd period - Tom Poti is hit by Michael Kostka and loses puck.
6:29 of 3rd period - Slapshot by Zach Bogosian.
6:29 of 3rd period - Shot Blocked by Steve Eminger.
6:31 of 3rd period - Snap shot by Matt Martin.
6:31 of 3rd period - Goal by Matt Martin - Sabres : 3 - Flames : 4.
6:32 of 3rd period - Michael Frolik wins face-off versus Eric Staal in neutral zone.
7:04 of 3rd period - Backhand shot by Zack Kassian.
7:04 of 3rd period - Goal by Zack Kassian - Sabres : 4 - Flames : 4.
7:05 of 3rd period - Andrei Loktionov wins face-off versus Eric Staal in neutral zone.
7:08 of 3rd period - Slapshot by Zach Bogosian.
7:08 of 3rd period - Deflect By Andrei Loktionov.
7:08 of 3rd period - Shot Misses the Net.
7:08 of 3rd period - Puck is out of play.
7:09 of 3rd period - Andrei Loktionov wins face-off versus Eric Staal in Flames zone.
7:12 of 3rd period - Snap shot by Ilya Kovalchuk.
7:12 of 3rd period - Shot Misses the Net.
7:18 of 3rd period - Backhand shot by Eric Staal.
7:18 of 3rd period - Shot Misses the Net.
7:20 of 3rd period - Slapshot by David Backes.
7:20 of 3rd period - Stopped by Jonas Hiller with a rebound.
7:24 of 3rd period - Snap shot by Eric Staal.
7:24 of 3rd period - Goal by Eric Staal - Sabres : 4 - Flames : 5.
7:25 of 3rd period - Eric Staal wins face-off versus Andrei Loktionov in neutral zone.
7:28 of 3rd period - Slapshot by Eric Staal.
7:28 of 3rd period - Stopped by Jonas Hiller without a rebound.
7:29 of 3rd period - Eric Staal wins face-off versus Michael Frolik in Sabres zone.
7:34 of 3rd period - Snap shot by Alexander Semin.
7:34 of 3rd period - Stopped by Jonas Hiller without a rebound.
7:35 of 3rd period - Andrei Loktionov wins face-off versus Eric Staal in Sabres zone.
7:42 of 3rd period - Snap shot by David Backes.
7:42 of 3rd period - Stopped by Jonas Hiller without a rebound.
7:43 of 3rd period - Eric Staal wins face-off versus Andrei Loktionov in Sabres zone.
8:57 of 3rd period - Snap shot by Eric Staal.
8:57 of 3rd period - Stopped by Jonas Hiller without a rebound.
8:58 of 3rd period - Andrei Loktionov wins face-off versus Eric Staal in Sabres zone.
9:32 of 3rd period - Slapshot by Peter Prucha.
9:32 of 3rd period - Deflect By Patrik Berglund.
9:32 of 3rd period - Shot Blocked by Zack Kassian.
9:32 of 3rd period - Puck is out of play.
9:33 of 3rd period - Brad Marchand wins face-off versus Andrei Loktionov in Sabres zone.
10:00 of 3rd period - Steve Eminger is hit by Zack Kassian.
10:16 of 3rd period - Sami Vatanen is hit by Randy Jones and loses puck.
10:27 of 3rd period - Michael Kostka is hit by Brendan Mikkelson and loses puck.
10:46 of 3rd period - Patrik Berglund is hit by Michael Kostka and loses puck.
12:47 of 3rd period - Wrist shot by Jordin Tootoo.
12:47 of 3rd period - Shot Misses the Net.
13:01 of 3rd period - Randy Jones is hit by Peter Prucha and loses puck.
13:19 of 3rd period - Minor Penalty to Zach Bogosian for Slashing.
13:20 of 3rd period - Brandon Sutter wins face-off versus Eric Staal in Sabres zone.
13:34 of 3rd period - Wrist shot by Erik Johnson.
13:34 of 3rd period - Stopped by Jonas Hiller without a rebound.
13:35 of 3rd period - David Backes wins face-off versus Brandon Sutter in Sabres zone.
15:19 of 3rd period - Penalty to Zach Bogosian is over, Zach Bogosian is back on ice.
15:36 of 3rd period - Tom Poti is hit by Zach Bogosian and loses puck.
15:56 of 3rd period - Snap shot by Mikhail Grabovski.
15:56 of 3rd period - Stopped by Jonas Hiller without a rebound.
15:57 of 3rd period - Patrik Berglund wins face-off versus Vincent Lecavalier in Sabres zone.
16:25 of 3rd period - Icing by Brad Marchand.
16:26 of 3rd period - Sean Monahan wins face-off versus Peter Prucha in Flames zone.
16:51 of 3rd period - Andrei Loktionov is hit by Derek Meech.
17:39 of 3rd period - Snap shot by Evander Kane.
17:39 of 3rd period - Deflect By Sami Vatanen.
17:39 of 3rd period - Shot Misses the Net.
17:39 of 3rd period - Puck is out of play.
17:40 of 3rd period - Mikhail Grabovski wins face-off versus Sean Monahan in Flames zone.
17:55 of 3rd period - Wrist shot by David Ullstrom.
17:55 of 3rd period - Stopped by Jonas Hiller without a rebound.
17:56 of 3rd period - Vincent Lecavalier wins face-off versus Colin Wilson in Sabres zone.
18:36 of 3rd period - Minor Penalty to Ilya Kovalchuk for Boarding.
18:37 of 3rd period - Eric Staal wins face-off versus Brandon Sutter in Sabres zone.
19:16 of 3rd period - Wrist shot by Jordin Tootoo.
19:16 of 3rd period - Stopped by Jonas Hiller with a rebound.
Goals for this period are 2 for Sabres vs 2 for Flames.
Shots for this period are 7 for Sabres vs 14 for Flames.
Back to the Top